 Dungeon Crawl Stone Soup version 0.28-a0-556-gab23d0e057 (webtiles) character file.

Game seed: 17157508052394918995

93 frimble the Chiller (level 4, -1/32 HPs)
             Began as a Gnoll Ice Elementalist on Sept 28, 2021.
             Frozen to death by an endoplasm (5 damage)
             ... on level 3 of the Dungeon.
             The game lasted 00:02:13 (2062 turns).

frimble the Chiller (Gnoll Ice Elementalist)        Turns: 2062, Time: 00:02:13

Health: -1/32      AC:  2    Str:  8    XL:     4   Next: 62%
Magic:  11/11      EV: 13    Int: 15    God:
Gold:   58         SH:  0    Dex: 12    Spells: 6/13 levels left

rFire   . . .      SeeInvis .   b - +2 dagger (venom)
rCold   . . .      Faith    .   (no shield)
rNeg    . . .      Spirit   .   a - +0 robe
rPois   .          Reflect  .   (no helmet)
rElec   .          Harm     .   (no cloak)
rCorr   .          Rampage  .   (no gloves)
Will    .....                   (no boots)
Stlth   ++........              (no amulet)
HPRegen 0.10/turn               (no ring)
MPRegen 0.12/turn               (no ring)

@: no status effects
A: fangs 1, strong nose, distributed training
a: no special abilities


You were on level 3 of the Dungeon.
You visited 1 branch of the dungeon, and saw 3 of its levels.

You collected 58 gold pieces.

Inventory:

Hand Weapons
 b - a +2 dagger of venom (weapon)
Missiles
 c - 5 javelins
Armour
 a - a +0 robe (worn)
Jewellery
 d - a ring of ice
Scrolls
 e - a scroll of amnesia
 h - 3 scrolls of identify
Potions
 f - a potion of mutation


   Skills:
 + Level 1.2 Fighting
 + Level 1.2 Short Blades
 + Level 1.2 Long Blades
 + Level 1.2 Axes
 + Level 1.2 Maces & Flails
 + Level 1.2 Polearms
 + Level 1.2 Staves
 + Level 1.2 Slings
 + Level 1.2 Bows
 + Level 1.2 Crossbows
 + Level 1.2 Throwing
 + Level 1.2 Armour
 + Level 4.6 Dodging
 + Level 4.3 Stealth
 + Level 1.2 Shields
 + Level 1.2 Unarmed Combat
 + Level 5.1 Spellcasting
 + Level 1.0 Conjurations
 + Level 1.0 Hexes
 + Level 1.0 Summonings
 + Level 1.0 Necromancy
 + Level 1.0 Translocations
 + Level 1.0 Transmutations
 + Level 1.0 Fire Magic
 + Level 7.1 Ice Magic
 + Level 1.0 Air Magic
 + Level 1.0 Earth Magic
 + Level 1.0 Poison Magic
 + Level 1.3 Invocations
 + Level 1.2 Evocations


You had 6 spell levels left.
You knew the following spells:

 Your Spells              Type           Power      Damage    Failure   Level
a - Freeze                Ice            100%       1d11      1%          1
b - Ozocubu's Armour      Ice            25%        N/A       2%          3
c - Frozen Ramparts       Ice            50%        1d7       2%          3

Your spell library contained the following spells:

 Spells                   Type           Power      Damage    Failure   Level
 Ensorcelled Hibernation  Hex/Ice        32%        N/A       4%          2
 Hailstorm                Conj/Ice       16%        3d6       30%         4
 Tukima's Dance           Hex            6%         N/A       32%         3
 Dispersal                Tloc           3%         N/A       100%        6
 Disjunction              Tloc           3%         N/A       100%        8


Dungeon Overview and Level Annotations

Branches:
Dungeon (3/15)

Altars:


Innate Abilities, Weirdness & Mutations

You have very sharp teeth.
Your uncanny sense of smell can sniff out nearby items.
Your experience applies equally to all skills.


Message History

The jackal closely misses you. The jackal barely misses you.
The frilled lizard bites you but does no damage.
The jackal bites you. The phantom hits you.
The phantom blinks!
You blink.
You are too injured to fight recklessly!
Casting: Ozocubu's Armour (dangerous; 2% risk of failure)
Confirm with . or Enter, or press ? or * to list all spells.
Okay, then.
Unknown command.
As you read the scroll labelled ZOSHAV SETSYKA, it crumbles to dust.
It is a scroll of amnesia.
Really abort (and waste the scroll)?
Okay, then.
The kobold throws a stone.
The stone hits you but does no damage. The phantom misses you.
As you read the scroll labelled JUOQATZE HEXY, it crumbles to dust.
It is a scroll of identify.
f - a potion of mutation The jackal bites you but does no damage.
The phantom hits you!
The phantom blinks!
You blink.
A frilled lizard, a bat, an adder, a worm, an endoplasm, a kobold and a centaur come into view.
Found five items.
The centaur shouts!
The kobold shouts!
The adder hisses angrily.
The centaur wields a +0 shortbow.
The centaur shoots an arrow.
The arrow closely misses you.
The arrow hits the frilled lizard!
The frilled lizard dies!
The centaur shoots an arrow.
The arrow hits you!
* * * LOW HITPOINT WARNING * * *
Okay, then.
Unknown command.
Okay, then.
Unknown command.
It was a potion of heal wounds.
You feel much better. The bat closely misses you.
The centaur shoots an arrow.
The arrow hits you! The adder closely misses you. The phantom hits you!
* * * LOW HITPOINT WARNING * * *
The bat hits you but does no damage. The bat closely misses you.
The endoplasm freezes you.
You are frozen.
You die...

## .....# ##.#
#.##[##....# #...
#.#...#....#### #...
###.#...#........ #...
#......w..K...... ###.
#....K..#.. .# #.
##....b..##K .# #.
#$..cJSW.?#.##+#.# #.
##!##@##$##..h...# #.
# #...###...§...#
...#......hh...####.
...########.l.........
#### ........######
.......§'.....
........###...
#........# #...
#........# #...


You could see a phantom, a centaur, a worm, an adder, an endoplasm, a bat and 2
kobolds.

Vanquished Creatures
  4 gnolls (D:2)
  An adder (D:3)
  2 worms (D:2)
  A dart slug (D:1)
  2 ball pythons (D:1)
  4 endoplasms (D:1)
  A giant cockroach (D:1)
  3 hobgoblins
  A jackal (D:3)
  3 kobolds (D:1)
  2 quokkas (D:1)
  A bat (D:1)
  5 frilled lizards
  4 goblins
  6 rats
40 creatures vanquished.

Vanquished Creatures (others)
  A frilled lizard (D:3)
1 creature vanquished.

Grand Total: 41 creatures vanquished

Notes
Turn   | Place    | Note
-------+----------+-------------------------------------------
     0 | D:1      | frimble the Gnoll Ice Elementalist began the quest for the
                  | Orb.
     0 | D:1      | Reached XP level 1. HP: 13/13 MP: 6/6
   262 | D:1      | Reached XP level 2. HP: 9/19 MP: 4/7
   734 | D:1      | Reached XP level 3. HP: 25/25 MP: 9/9
   793 | D:1      | Found a faded altar of an unknown god.
   855 | D:1      | Reached skill level 5 in Spellcasting
  1130 | D:2      | Learned a level 3 spell: Ozocubu's Armour
  1134 | D:2      | Learned a level 3 spell: Frozen Ramparts
  1149 | D:2      | Reached skill level 1 in Invocations
  1150 | D:2      | Reached skill level 1 in Fighting
  1150 | D:2      | Reached skill level 1 in Short Blades
  1150 | D:2      | Reached skill level 1 in Long Blades
  1150 | D:2      | Reached skill level 1 in Axes
  1150 | D:2      | Reached skill level 1 in Maces & Flails
  1150 | D:2      | Reached skill level 1 in Polearms
  1150 | D:2      | Reached skill level 1 in Staves
  1150 | D:2      | Reached skill level 1 in Slings
  1150 | D:2      | Reached skill level 1 in Bows
  1150 | D:2      | Reached skill level 1 in Crossbows
  1150 | D:2      | Reached skill level 1 in Throwing
  1150 | D:2      | Reached skill level 1 in Armour
  1150 | D:2      | Reached skill level 1 in Shields
  1150 | D:2      | Reached skill level 1 in Unarmed Combat
  1150 | D:2      | Reached skill level 1 in Evocations
  1151 | D:2      | Reached XP level 4. HP: 28/32 MP: 3/11
  2036 | D:3      | Reached skill level 1 in Conjurations
  2036 | D:3      | Reached skill level 1 in Hexes
  2036 | D:3      | Reached skill level 1 in Summonings
  2036 | D:3      | Reached skill level 1 in Necromancy
  2036 | D:3      | Reached skill level 1 in Translocations
  2036 | D:3      | Reached skill level 1 in Transmutations
  2036 | D:3      | Reached skill level 1 in Fire Magic
  2036 | D:3      | Reached skill level 1 in Air Magic
  2036 | D:3      | Reached skill level 1 in Earth Magic
  2036 | D:3      | Reached skill level 1 in Poison Magic
  2049 | D:3      | Noticed a phantom
  2058 | D:3      | Noticed a centaur
  2059 | D:3      | HP: 1/32 [centaur/arrow (11)]
  2062 | D:3      | Frozen to death by an endoplasm

Illustrated notes

Levels and vault maps discovered:
D:1:      kennysheep_arrival_seaside, layout_rooms,
          dreamdust_ecumenical_altar_angels_and_demons
D:2:      layout_loops_ring
D:3:      layout_basic, minmay_three_crescents

Skill      XL: |  1  2  3  4 |
---------------+-------------+-----
Spellcasting   | 5 |  5.1
Invocations    | 1 |  1.3
Fighting       | 1 |  1.2
Short Blades   | 1 |  1.2
Long Blades    | 1 |  1.2
Axes           | 1 |  1.2
Maces & Flails | 1 |  1.2
Polearms       | 1 |  1.2
Staves         | 1 |  1.2
Slings         | 1 |  1.2
Bows           | 1 |  1.2
Crossbows      | 1 |  1.2
Throwing       | 1 |  1.2
Armour         | 1 |  1.2
Shields        | 1 |  1.2
Unarmed Combat | 1 |  1.2
Evocations     | 1 |  1.2
Conjurations   | 1 |  1.0
Hexes          | 1 |  1.0
Summonings     | 1 |  1.0
Necromancy     | 1 |  1.0
Translocations | 1 |  1.0
Transmutations | 1 |  1.0
Fire Magic     | 1 |  1.0
Air Magic      | 1 |  1.0
Earth Magic    | 1 |  1.0
Poison Magic   | 1 |  1.0
Dodging        | |  4.6
Stealth        | |  4.3
Ice Magic      | |  7.1

Action                   |  1- 3 |  4- 6 || total
-------------------------+-------+-------++-------
Melee: Dagger            |    37 |    43 ||    80
       Bite              |     3 |     3 ||     6
 Cast: Freeze            |    10 |       ||    10
       Ozocubu's Armour  |     1 |     1 ||     2
       Frozen Ramparts   |     1 |       ||     1
  Use: Scroll            |       |     2 ||     2
       Potion            |       |     1 ||     1
 Stab: Sleeping          |     5 |     2 ||     7
Armor: Robe              |    10 |    12 ||    22
Dodge: Dodged            |    17 |    28 ||    45

Table legend: (Time is in decaauts)
 A = Elapsed time spent in this place.
 B = Non-inter-level travel time spent in this place.
 C = Inter-level travel time spent in this place.
 D = Time resting spent in this place.
 E = Time spent auto-exploring this place.
 F = Levels seen in this place.
 G = Mean time per level.
                   A        B        C        D        E       F      G
               +--------+--------+--------+--------+--------+-----+--------+
         Total |   2061 |   1996 |     65 |      0 |   1704 |   3 |  687.0 |
       Dungeon |   2061 |   1996 |     65 |      0 |   1704 |   3 |  687.0 |
               +--------+--------+--------+--------+--------+-----+--------+

Top non-repeatable levels by time:
     D:1: 1110 daAuts
     D:2: 810 daAuts
     D:3: 140 daAuts
